 Dungeon Sprint DCSS version 0.28.0-53-g5a82cb258f (webtiles) character file.

Game seed: 9708531784578473104

9922 Zeld the Warrior (level 11, -4/126 HPs)
             Began as a Minotaur Berserker on June 7, 2022.
             Was the Champion of Trog.
             Engulfed by a cloud of steam (13 damage)
             ... in the Dungeon (Sprint I: "Red Sonja").
             The game lasted 00:06:18 (5655 turns).

Zeld the Warrior (Minotaur Berserker)               Turns: 5655, Time: 00:06:19

Health: -4/126     AC:  4    Str: 34    XL:     11   Next: 29%
Magic:  10/10      EV: 21    Int:  4    God:    Trog [******]
Gold:   444        SH:  0    Dex: 12    Spells: 10/10 levels left

rFire   . . .      SeeInvis .   r - +1 war axe (flame)
rCold   . . .      Faith    .   (no shield)
rNeg    . . .      Spirit   .   b - +0 troll leather armour
rPois   .          Reflect  .   (helmet restricted)
rElec   +          Harm     .   (no cloak)
rCorr   .          Rampage  .   (no gloves)
Will    ++...      NoTele   +   (no boots)
Stlth   ..........              (no amulet)
HPRegen 2.11/turn               q - ring of Woyx {rElec EV+4 Str+7 Dex+3 Stlth-}
MPRegen 0.12/turn               (no ring)

@: strong-willed, regenerating
A: horns 2, retaliatory headbutt
a: Renounce Religion, Berserk, Trog's Hand, Brothers in Arms


You were in the Dungeon.
You worshipped Trog.
Trog was exalted by your worship.
You visited 1 branch You collected 1885 gold pieces.
You spent 1441 gold pieces at shops.

Inventory:

Hand Weapons
 a - a +3 vorpal battleaxe
 o - a +2 vorpal executioner's axe
 r - a +1 war axe of flaming (weapon)
Armour
 b - a +0 troll leather armour (worn)
Jewellery
 q - the ring of Woyx (left hand) {rElec EV+4 Str+7 Dex+3 Stlth-}
   (You bought it in a shop in the Dungeon)

   [ring of evasion]

   EV:        It affects your evasion (+4).
   Str:       It affects your strength (+7).
   Dex:       It affects your dexterity (+3).
   rElec:     It insulates you from electricity.
   Stlth:     It makes you less stealthy.
Wands
 i - a wand of iceblast (12)
Scrolls
 h - a scroll of blinking
 k - a scroll of magic mapping {unknown}
 n - a scroll of enchant armour {unknown}
 p - a scroll of identify {unknown}
Potions
 c - 5 potions of curing
 d - 2 potions of heal wounds
 e - a potion of haste
 f - 2 potions of magic
 g - a potion of berserk rage
 l - a potion of flight {unknown}
 m - a potion of lignification {unknown}


   Skills:
 * Level 20.6 Fighting
 * Level 16.4 Axes
 - Level 4.0 Armour
 + Level 13.8 Dodging
 + Level 11.2 Evocations


You had 10 spell levels left.
You didn't know any spells.
Your spell library was empty.

Dungeon Overview and Level Annotations

Branches:
Dungeon (1/1)

Altars:
Cheibriados
Dithmenos
Elyvilon
Fedhas
Gozag
Hepliaklqana
Kikubaaqudgha
Makhleb
Nemelex Xobeh
Okawaru
Qazlal
Ru
Sif Muna
Trog
Uskayaw
Vehumet
Wu Jian
Xom
Yredelemnul
Zin
The Shining One
Jiyva
Lugonu

Shops:
D (:[:*=(*(*=!*![[*


Innate Abilities, Weirdness & Mutations

You have a pair of horns on your head.
You reflexively headbutt those who attack you in melee.


Message History

You are engulfed in a cloud of scalding steam.
You see here 27 gold pieces.
You are engulfed in a cloud of scalding steam.
You see here 27 gold pieces.
You are engulfed in a cloud of scalding steam.
You now have 363 gold pieces (gained 27).
You are engulfed in a cloud of scalding steam.
You are engulfed in a cloud of scalding steam.
You see here 27 gold pieces.
You now have 390 gold pieces (gained 27).
You are engulfed in a cloud of scalding steam.
You are engulfed in a cloud of scalding steam.
You see here 27 gold pieces.
You now have 417 gold pieces (gained 27).
You are engulfed in a cloud of scalding steam.
* * * LOW HITPOINT WARNING * * *
Okay, then.
You are engulfed in a cloud of scalding steam.
* * * LOW HITPOINT WARNING * * *
You now have 444 gold pieces (gained 27).
You are engulfed in a cloud of scalding steam.
* * * LOW HITPOINT WARNING * * *
Blink to where?
Press: ? - help, Dir - move target
As you read the scroll of blinking, it crumbles to dust.
You are engulfed in a cloud of scalding steam.
* * * LOW HITPOINT WARNING * * *
You are engulfed in a cloud of scalding steam.
* * * LOW HITPOINT WARNING * * *
There is an open door here.
You are engulfed in a cloud of scalding steam.
* * * LOW HITPOINT WARNING * * *
You start resting.
You are engulfed in a cloud of scalding steam.
* * * LOW HITPOINT WARNING * * *
Okay, then.
Your skin crawls.
You feel strong-willed.
You are engulfed in a cloud of scalding steam.
You die...

########################
#.§.)§.§§...§§.#§§§...§#
#§####..§.§##..§@§#.§$$##
#§# ##.§.#######+#§§§§$#
'.# ###+# #.§§§.# ###
##.§$§# ..# ###+## ..+
..# ..# .##


There were no monsters in sight!

Vanquished Creatures
  A hydra (D)
  2 centaur warriors (D)
  Sonja (D)
  A deep troll (D)
  A lindwurm (D)
  An oklob plant (D)
  A gargoyle (D)
  4 demonic crawlers (D)
  2 unseen horrors (D)
  2 kobold demonologists (D)
  A hornet (D)
  A slime creature (D)
  Sigmund (D)
  13 hogs (D)
  A yak (D)
  2 redbacks (D)
  3 floating eyes (D)
  7 necrophages (D)
  An ogre (D)
  8 jellies (D)
  Ijyb (D)
55 creatures vanquished.

Vanquished Creatures (others)
  2 ballistomycete spores (D)
2 creatures vanquished.

Grand Total: 57 creatures vanquished

Notes
Turn   | Place    | Note
-------+----------+-------------------------------------------
     0 | D        | Zeld the Minotaur Berserker began the quest for the Orb.
     0 | D        | Reached XP level 1. HP: 19/19 MP: 0/0
     2 | D        | Noticed Ijyb
     9 | D        | Killed Ijyb
    10 | D        | Reached skill level 5 in Fighting
    10 | D        | Reached skill level 5 in Axes
    10 | D        | Reached XP level 2. HP: 28/29 MP: 1/1
   315 | D        | Noticed an ogre
   320 | D        | Killed an ogre
   321 | D        | Reached skill level 7 in Fighting
   321 | D        | Reached XP level 3. HP: 39/39 MP: 2/2
   321 | D        | Reached XP level 4. HP: 47/47 MP: 3/3
   592 | D        | Noticed Sigmund
   598 | D        | Killed Sigmund
   598 | D        | Reached ** piety under Trog
   599 | D        | Reached skill level 9 in Fighting
   599 | D        | Reached skill level 5 in Dodging
   599 | D        | Reached XP level 5. HP: 57/57 MP: 4/4
   874 | D        | Found an ornate altar of the Wu Jian Council.
   874 | D        | Found a shimmering blue altar of Sif Muna.
   876 | D        | Found a radiant altar of Vehumet.
   879 | D        | Reached XP level 6. HP: 64/64 MP: 5/5
   905 | D        | Found Xekiss's Book Emporium.
   905 | D        | Found an ancient bone altar of Kikubaaqudgha.
   905 | D        | Found a hazy altar of Hepliaklqana.
   905 | D        | Found a hide-covered altar of Uskayaw.
   905 | D        | Found a basalt altar of Yredelemnul.
   905 | D        | Found an opulent altar of Gozag.
   905 | D        | Found a snail-covered altar of Cheibriados.
   905 | D        | Found a sacrificial altar of Ru.
   905 | D        | Found a shadowy altar of Dithmenos.
   905 | D        | Noticed a yak
   906 | D        | Found a stormy altar of Qazlal.
   906 | D        | Found a blossoming altar of Fedhas.
   906 | D        | Found a bloodstained altar of Trog.
   906 | D        | Found an iron altar of Okawaru.
   906 | D        | Found a glowing golden altar of the Shining One.
   906 | D        | Found a glowing silver altar of Zin.
   906 | D        | Found a white marble altar of Elyvilon.
   910 | D        | Killed a yak
   911 | D        | Reached skill level 10 in Fighting
   911 | D        | Reached skill level 10 in Axes
   913 | D        | Found a sparkling altar of Nemelex Xobeh.
   962 | D        | Found a burning altar of Makhleb.
   962 | D        | Found a viscous altar of Jiyva.
   962 | D        | Found a shimmering altar of Xom.
   962 | D        | Found a corrupted altar of Lugonu.
   962 | D        | Noticed a slime creature
   966 | D        | Killed a slime creature
   967 | D        | Reached skill level 11 in Fighting
   967 | D        | Reached skill level 5 in Evocations
   967 | D        | Reached XP level 7. HP: 64/74 MP: 6/6
  1012 | D        | Noticed a kobold demonologist
  1012 | D        | Noticed a kobold demonologist
  1014 | D        | Reached *** piety under Trog
  1023 | D        | Noticed a sun demon
  1025 | D        | Noticed a smoke demon
  1025 | D        | Killed a kobold demonologist
  1026 | D        | Reached skill level 12 in Fighting
  1027 | D        | Killed a kobold demonologist
  1027 | D        | Reached **** piety under Trog
  1028 | D        | Reached skill level 13 in Fighting
  1028 | D        | Reached XP level 8. HP: 81/86 MP: 7/7
  1112 | D        | Noticed Sonja
  1114 | D        | Killed Sonja
  1115 | D        | Reached skill level 14 in Fighting
  1212 | D        | Noticed a deep troll
  1217 | D        | Killed a deep troll
  1218 | D        | Reached skill level 15 in Fighting
  1218 | D        | Reached XP level 9. HP: 97/97 MP: 8/8
  1342 | D        | Found Ecihex's Armour Emporium.
  1363 | D        | Noticed a centaur warrior
  1364 | D        | Noticed a centaur warrior
  1375 | D        | Killed a centaur warrior
  1376 | D        | Reached skill level 16 in Fighting
  1376 | D        | Reached skill level 10 in Dodging
  1382 | D        | Killed a centaur warrior
  1587 | D        | Reached ***** piety under Trog
  1588 | D        | Reached skill level 17 in Fighting
  1957 | D        | Noticed an oklob plant
  2139 | D        | Killed an oklob plant
  2140 | D        | Reached XP level 10. HP: 93/111 MP: 9/9
  2320 | D        | HP: 5/112 [poisoned by a redback]
  2652 | D        | Reached skill level 18 in Fighting
  2659 | D        | Received a gift from Trog
  2861 | D        | Reached ****** piety under Trog
  2863 | D        | Reached skill level 10 in Evocations
  2867 | D        | Received a gift from Trog
  3047 | D        | Identified the +9 great mace of Immorality {pain, *Corrode
                  | rN+ Str+3}
  3224 | D        | Found Vaotz's Book Shoppe.
  3224 | D        | Found Jesmu's Armour Shop.
  3224 | D        | Found Jujapon's Assorted Antiques.
  3226 | D        | Found Monto's Jewellery Emporium.
  3226 | D        | Found Perimolu's Antique Weapon Shop.
  3226 | D        | Found Xungask's General Store.
  3226 | D        | Found Liaw's Weapon Boutique.
  3226 | D        | Found Macru's Assorted Antiques.
  3226 | D        | Found Luf Fama's Jewellery Shop.
  3226 | D        | Found Sueff's Distillery.
  3230 | D        | Found Etyfiet's Assorted Antiques.
  3231 | D        | Bought the ring of Woyx {rElec EV+4 Str+7 Dex+3 Stlth-} for
                  | 835 gold pieces
  3231 | D        | Found Qovonena's Armour Emporium.
  3231 | D        | Found Ellucsept's Distillery.
  3232 | D        | Found Kogip's General Store.
  3233 | D        | Bought a scroll of blinking for 97 gold pieces
  3235 | D        | Bought a scroll of blinking for 210 gold pieces
  3237 | D        | Bought a potion of heal wounds for 55 gold pieces
  3238 | D        | Bought a glowing silver ring for 85 gold pieces
  3388 | D        | Found Tema's Weapon Boutique.
  3432 | D        | Reached skill level 19 in Fighting
  3432 | D        | Noticed a gargoyle
  3436 | D        | Killed a gargoyle
  3788 | D        | Noticed a lindwurm
  3792 | D        | Killed a lindwurm
  3792 | D        | Received a gift from Trog
  3793 | D        | Reached skill level 15 in Axes
  4195 | D        | Reached XP level 11. HP: 119/124 MP: 10/10
  4203 | D        | Reached skill level 20 in Fighting
  4219 | D        | Received a gift from Trog
  4451 | D        | Noticed a 12-headed hydra
  4825 | D        | Bought a +1 war axe of flaming for 159 gold pieces
  5336 | D        | Paralysed by a floating eye for 2 turns
  5339 | D        | Killed a 12-headed hydra
  5655 | D        | Engulfed by a cloud of steam

Illustrated notes

Levels and vault maps discovered:
D:        dungeon_sprint_1 [red_sonja_temple_1, red_sonja_temple_small_1]

Skill      XL: |  1  2  3  4  5  6  7  8  9 10 11 |
---------------+----------------------------------+-----
Fighting       | 5 7 9 11 13 15 17 19 20 | 20.6
Axes           | 5 7 9 11 12 14 15 16 | 16.4
Armour         | 3 4 |  4.0
Dodging        | 3 4 5 7 8 9 11 13 | 13.8
Evocations     | 2 3 5 6 7 9 10 11 | 11.2

Action                   |  1- 3 |  4- 6 |  7- 9 | 10-12 || total
-------------------------+-------+-------+-------+-------++-------
Melee: Hand axe          |     9 |     4 |    28 |    22 ||    63
       Headbutt          |     1 |     4 |    10 |    14 ||    29
       Scythe            |       |     9 |    18 |       ||    27
       Punch             |       |       |     1 |       ||     1
       Battleaxe         |       |       |       |    65 ||    65
       War axe           |       |       |       |     2 ||     2
Invok: Berserk           |     2 |     2 |     3 |     3 ||    10
       Trog's Hand       |       |       |       |     3 ||     3
Evoke: Wand              |       |       |     1 |       ||     1
  Use: Scroll            |       |       |       |     2 ||     2
Armor: Animal skin       |     1 |     3 |     3 |       ||     7
       Troll leather arm |       |       |     5 |    15 ||    20
Dodge: Dodged            |     2 |     3 |    29 |    81 ||   115
